 Dungeon Crawl Stone Soup version 0.28.0-1-gb440e238dd (webtiles) character file.

Game seed: 12435205703786365020

431 HotDog the Slasher (level 6, 0/55 HPs)
             Began as a Minotaur Fighter on Feb 22, 2022.
             Slain by a mummy (9 damage)
             ... in an ossuary.
             The game lasted 00:08:47 (4360 turns).

HotDog the Slasher (Minotaur Fighter)               Turns: 4360, Time: 00:08:48

Health: 0/55       AC:  7    Str: 23    XL:     6   Next: 67%
Magic:  6/6        EV:  8    Int:  5    God:
Gold:   56         SH:  8    Dex:  9    Spells: 5/5 levels left

rFire   . . .      SeeInvis .   a - +3 long sword
rCold   . . .      Faith    .   k - +0 kite shield
rNeg    . . .      Spirit   .   b - +0 scale mail
rPois   .          Reflect  .   (helmet restricted)
rElec   .          Harm     .   (no cloak)
rCorr   .          Rampage  .   (no gloves)
Will    .....                   (no boots)
Stlth   ..........              (no amulet)
HPRegen 0.18/turn               (no ring)
MPRegen 0.10/turn               (no ring)

@: mighty
A: horns 2, retaliatory headbutt
a: no special abilities


You were in an ossuary.
You visited 2 branches of the dungeon, and saw 5 of its levels.
You also visited: Ossuary.

You collected 56 gold pieces.

Inventory:

Hand Weapons
 a - a +3 long sword (weapon)
Armour
 b - a +0 scale mail (worn)
 k - a +0 kite shield (worn)
Jewellery
 e - a ring of magical power
Wands
 i - a wand of paralysis (11)
Scrolls
 g - a scroll of immolation {unknown}
 j - a scroll of blinking {unknown}
 l - a scroll of teleportation
 m - a scroll of enchant armour {unknown}
 n - a scroll of identify {unknown}
Potions
 c - a potion of lignification {unknown}
 f - 2 potions of degeneration {unknown}
 h - a potion of berserk rage {unknown}


   Skills:
 * Level 4.8 Fighting
 * Level 5.3 Long Blades
 * Level 5.1 Armour
 * Level 2.1 Dodging
 + Level 0.2 Stealth
 * Level 4.5 Shields
 * Level 2.0 Invocations


You had 5 spell levels left.
You didn't know any spells.
Your spell library contained the following spells:

 Spells                   Type           Power      Damage    Failure   Level
 Apportation              Tloc           0%         N/A       98%         1
 Alistair's Intoxication  Tmut/Pois      0%         N/A       100%        5


Dungeon Overview and Level Annotations

Branches:
Dungeon (4/15)             Temple (1/1) D:4         Ossuary (1/1)

Altars:
Ashenzari
Cheibriados
Elyvilon
Gozag
Hepliaklqana
Kikubaaqudgha
Makhleb
Nemelex Xobeh
Qazlal
Ru
Sif Muna
Uskayaw
Vehumet
Wu Jian
Xom
Zin


Innate Abilities, Weirdness & Mutations

You have a pair of horns on your head.
You reflexively headbutt those who attack you in melee.


Message History

You block the hobgoblin zombie's attack.
The mummy closely misses you. You furiously retaliate!
You headbutt the mummy! The mummy hits you!
You barely miss the mummy. Your headbutt misses the mummy.
The mummy is lightly damaged.
The hobgoblin zombie hits you but does no damage.
You block the mummy's attack. The hobgoblin zombie hits you.
You slash the hobgoblin zombie!
You destroy the hobgoblin zombie!
The mummy hits you.
You barely miss the hobgoblin zombie. The hobgoblin zombie hits you.
The mummy hits you!
* * * LOW HITPOINT WARNING * * *
The hobgoblin zombie closely misses you.
The mummy barely misses you. You furiously retaliate!
You headbutt the mummy. You block the mummy's attack. The mummy hits you.
* * * LOW HITPOINT WARNING * * *
You feel very mighty all of a sudden.
You slash the hobgoblin zombie!
You destroy the hobgoblin zombie!
You block the hobgoblin zombie's attack.
You slash the hobgoblin zombie!
You destroy the hobgoblin zombie!
The mummy hits you but does no damage.
You slice the mummy!!
You destroy the mummy!
You hit the mummy. You headbutt the mummy!
You destroy the mummy!
You block the mummy's attack.
Your Dodging skill increases to level 2!
You slash the mummy! You headbutt the mummy!
The mummy is almost destroyed.
You block the mummy's attack.
The kobold zombie hits you but does no damage.
You block the mummy's attack.
You slash the mummy! Your headbutt misses the mummy.
The mummy is almost destroyed.
The mummy hits you!
You die...

............
#........#
#......#
#....#
#....#
#....#
#.Z..#
#MZM.#
#.@..#
#....#
#....#
#.∩∩.#
######


You could see 2 mummies, a kobold zombie and an orc zombie.

Vanquished Creatures
  Grinder (D:3)
  Jessica (D:3)
  Terence (D:2)
  An iguana (D:4)
  2 mummies (Ossuary)
  Robin (D:2)
  3 adders
  3 gnolls (D:2)
  A worm (D:3)
  3 dart slugs
  5 endoplasms
  3 giant cockroaches
  13 hobgoblins
  4 kobolds
  2 quokkas
  5 ball pythons
  A bat (D:2)
  A frilled lizard (D:3)
  11 goblins
  4 hobgoblin zombies (Ossuary)
  2 kobold zombies (Ossuary)
  3 rats (D:2)
71 creatures vanquished.

Notes
Turn   | Place    | Note
-------+----------+-------------------------------------------
     0 | D:1      | HotDog the Minotaur Fighter began the quest for the Orb.
     0 | D:1      | Reached XP level 1. HP: 19/19 MP: 0/0
   351 | D:1      | Reached XP level 2. HP: 27/27 MP: 1/1
  1138 | D:2      | Reached XP level 3. HP: 24/33 MP: 2/2
  1334 | D:2      | Found a faded altar of an unknown god.
  1337 | D:2      | Reached skill level 1 in Dodging
  1408 | D:2      | Noticed Robin
  1408 | D:2      | Noticed Terence
  1418 | D:2      | Killed Robin
  1419 | D:2      | Reached skill level 1 in Invocations
  1422 | D:2      | Reached XP level 4. HP: 26/40 MP: 3/3
  1456 | D:2      | HP: 1/40 [Terence (6)]
  1868 | D:2      | Killed Terence
  3007 | D:3      | Reached XP level 5. HP: 47/47 MP: 4/4
  3164 | D:3      | Noticed Grinder
  3198 | D:3      | Killed Grinder
  3199 | D:3      | Reached skill level 5 in Long Blades
  3199 | D:3      | Reached XP level 6. HP: 53/53 MP: 4/6
  3449 | D:3      | Identified the +0 robe of Tionnu {rF+ Str-5 Dex+7 SInv}
  3487 | D:3      | Noticed Jessica
  3496 | D:3      | Killed Jessica
  3609 | D:3      | Reached skill level 5 in Armour
  4067 | D:4      | Found a sand-covered staircase.
  4074 | D:4      | Found a staircase to the Ecumenical Temple.
  4089 | Temple   | Entered the Ecumenical Temple
  4329 | Ossuary  | Entered an ossuary
  4360 | Ossuary  | Slain by a mummy

Illustrated notes

Levels and vault maps discovered:
D:1:      mrwooster_arrival_arrow, layout_basic
D:2:      layout_basic, basic_ecumenical_altar, uniq_robin, uniq_terence
D:3:      minmay_spotlight, layout_loops_corners, uniq_jessica, uniq_grinder
D:4:      layout_rooms, chequers_temple_overflow_minitemple,
          minmay_temple_entry_drinking_statues, enter_ossuary_3, nrook_campfire,
          guppyfry_early_orc_mine, uniq_blork_the_orc
Temple:   regret_index_temple_sphere_string
Ossuary:  ossuary_tomb_3

Skill      XL: |  1  2  3  4  5  6 |
---------------+-------------------+-----
Fighting       | 4 |  4.8
Armour         | 4 5 |  5.1
Long Blades    | 3 4 5 |  5.3
Dodging        | 1 2 |  2.1
Shields        | 4 |  4.5
Invocations    | 1 2 |  2.0
Stealth        | |  0.2

Action                   |  1- 3 |  4- 6 || total
-------------------------+-------+-------++-------
Melee: Long sword        |    40 |    96 ||   136
       Headbutt          |     6 |    13 ||    19
  Use: Scroll            |     3 |     1 ||     4
       Potion            |       |     2 ||     2
Armor: Scale mail        |    14 |    36 ||    50
Dodge: Dodged            |    14 |    36 ||    50
Block: Buckler           |     4 |    10 ||    14
       Kite shield       |       |    25 ||    25
